General information
- name: BNet
- type: Ladder 1vs1/FFA
- host: Battle.net
- saver: BloodInOurWells
map: CentaurGrove
- players: 2
- length: 61:32
- speed: Fast
- version: 1.26 W3XP
- replay type: Public
» download(187 KB)
Players
team 1 (loser)
godrogo2010 (
red | 70 APM | 4286 actions | 61:29)
5 Archmage
3 Summon Water Elemental
2 Brilliance Aura
5 Paladin
2 Holy Light
1 Divine Shield
2 Devotion Aura
5 Mountain King
3 Storm Bolt
2 Bash
» actions
| Assign group hotkey | 90 | |
| Basic commands | 778 | |
| Build / train | 180 | |
| ESC pressed | 13 | |
| Enter build submenu | 30 | |
| Enter hero's abilities submenu | 15 | |
| Give item / drop item | 9 | |
| Right click | 940 | |
| Select / deselect | 860 | |
| Select group hotkey | 901 | |
| Use ability | 470 | |
4286 total
» units
| Peasant | 47 | |
| Footman | 3 | |
| Sorceress | 5 | |
| Priest | 5 | |
| Knight | 6 | |
| Dragonhawk Rider | 7 | |
| Spell Breaker | 1 | |
74 total
» upgrades
| Defend | 1 | |
| Lumber Harvesting | 1 | |
| Priest Training | 2 | |
| Sorceress Training | 2 | |
| Cloud | 1 | |
| Magic Sentry | 1 | |
| Animal War Training | 1 | |
| Plating | 1 | |
10 total
» buildings
| Altar of Kings | 1 | |
| Farm | 8 | |
| Barracks | 2 | |
| Keep | 4 | |
| Lumber Mill | 1 | |
| Arcane Vault | 2 | |
| Blacksmith | 1 | |
| Arcane Sanctum | 1 | |
| Castle | 2 | |
| Gryphon Aviary | 1 | |
| Scout Tower | 10 | |
| Guard Tower | 21 | |
| Town Hall | 1 | |
55 total
» build order
00:08 Altar of Kings
00:27 Farm
00:30 Farm
00:56 Barracks
01:02 Barracks
01:28 Farm
02:37 Keep
02:37 Keep
02:37 Keep
03:10 Lumber Mill
03:36 Arcane Vault
03:40 Arcane Vault
03:43 Blacksmith
04:33 Farm
05:11 Arcane Sanctum
05:26 Farm
06:46 Castle
06:46 Castle
06:51 Farm
08:28 Farm
09:01 Farm
15:16 Gryphon Aviary
20:28 Scout Tower
21:01 Guard Tower
21:04 Scout Tower
21:34 Guard Tower
21:34 Guard Tower
21:43 Scout Tower
22:31 Guard Tower
22:32 Guard Tower
22:32 Guard Tower
24:38 Town Hall
24:42 Scout Tower
24:46 Scout Tower
25:11 Guard Tower
25:12 Guard Tower
25:12 Guard Tower
25:29 Guard Tower
25:33 Scout Tower
26:24 Guard Tower
26:24 Guard Tower
26:31 Scout Tower
27:28 Guard Tower
29:50 Scout Tower
32:03 Scout Tower
32:23 Scout Tower
32:52 Guard Tower
32:52 Guard Tower
» items
| Boots of Speed | 3 | |
| Lesser Clarity Potion | 7 | |
| Orb of Fire | 6 | |
| Scroll of Regeneration | 3 | |
| Scroll of Town Portal | 1 | |
| Dust of Appearance | 1 | |
21 total
team 2 (winner)
BloodInOurWells (
purple | 96 APM | 5890 actions | 61:32)
9 Warden
3 Fan of Knives
3 Blink
3 Shadow Strike
» actions
| Assign group hotkey | 393 | |
| Basic commands | 54 | |
| Build / train | 213 | |
| Enter build submenu | 134 | |
| Enter hero's abilities submenu | 11 | |
| Give item / drop item | 6 | |
| Remove unit from queue | 10 | |
| Right click | 3404 | |
| Select / deselect | 668 | |
| Select group hotkey | 296 | |
| Use ability | 700 | |
5890 total
» units
| Wisp | 126 | |
| Archer | 4 | |
| Huntress | 6 | |
| Chimaera | 3 | |
139 total
» upgrades
| Sentinel | 1 | |
| Well Spring | 1 | |
| Nature's Blessing | 1 | |
| Ultravision | 1 | |
| Strength of the Wild | 3 | |
| Reinforced Hides | 3 | |
| Corrosive Breath | 1 | |
11 total
» buildings
| Moon Well | 51 | |
| Altar of Elders | 1 | |
| Ancient of War | 1 | |
| Hunter's Hall | 1 | |
| Tree of Ages | 1 | |
| Ancient Protector | 80 | |
| Tree of Eternity | 1 | |
| Tree of Life | 10 | |
| Ancient of Wonders | 1 | |
| Ancient of Wind | 1 | |
| Chimaera Roost | 4 | |
152 total
» build order
00:05 Moon Well
00:51 Altar of Elders
01:09 Ancient of War
01:17 Moon Well
02:20 Hunter's Hall
02:50 Moon Well
03:23 Moon Well
04:43 Tree of Ages
05:03 Moon Well
06:36 Ancient Protector
06:38 Ancient Protector
06:42 Moon Well
06:43 Moon Well
07:00 Moon Well
08:23 Tree of Eternity
08:26 Moon Well
08:27 Moon Well
08:28 Moon Well
08:53 Ancient Protector
08:56 Ancient Protector
09:00 Ancient Protector
09:44 Tree of Life
10:16 Ancient Protector
10:33 Ancient of Wonders
10:50 Ancient Protector
10:50 Ancient Protector
10:51 Ancient Protector
10:51 Ancient Protector
12:05 Ancient Protector
12:06 Ancient Protector
15:59 Tree of Life
16:03 Ancient Protector
16:04 Ancient Protector
16:05 Ancient Protector
16:05 Ancient Protector
16:07 Ancient Protector
18:00 Ancient Protector
18:00 Ancient Protector
18:00 Ancient Protector
18:01 Ancient Protector
18:41 Moon Well
21:23 Moon Well
21:24 Moon Well
21:25 Moon Well
21:27 Moon Well
21:28 Moon Well
21:36 Ancient Protector
24:30 Tree of Life
24:34 Ancient Protector
24:34 Ancient Protector
24:35 Ancient Protector
24:35 Ancient Protector
24:36 Ancient Protector
24:38 Moon Well
24:38 Moon Well
24:38 Moon Well
24:39 Moon Well
24:40 Moon Well
24:42 Ancient Protector
25:12 Tree of Life
30:17 Ancient of Wind
31:58 Chimaera Roost
32:00 Chimaera Roost
32:07 Chimaera Roost
32:14 Chimaera Roost
32:44 Moon Well
32:47 Moon Well
32:47 Moon Well
32:47 Moon Well
32:48 Moon Well
32:51 Moon Well
32:51 Moon Well
32:51 Moon Well
32:51 Moon Well
33:00 Moon Well
33:01 Moon Well
33:01 Moon Well
33:01 Moon Well
33:04 Moon Well
33:04 Moon Well
35:17 Moon Well
35:17 Moon Well
35:17 Moon Well
35:18 Moon Well
35:19 Moon Well
35:19 Moon Well
35:19 Moon Well
35:20 Moon Well
35:21 Moon Well
35:21 Moon Well
35:22 Moon Well
35:22 Moon Well
35:22 Moon Well
35:23 Moon Well
38:52 Tree of Life
38:57 Ancient Protector
38:57 Ancient Protector
38:57 Ancient Protector
38:58 Ancient Protector
39:04 Ancient Protector
39:04 Ancient Protector
39:04 Ancient Protector
43:44 Ancient Protector
43:44 Ancient Protector
43:44 Ancient Protector
43:45 Ancient Protector
43:52 Tree of Life
43:56 Ancient Protector
43:57 Ancient Protector
43:58 Ancient Protector
50:45 Ancient Protector
50:46 Ancient Protector
50:47 Ancient Protector
50:47 Ancient Protector
50:47 Ancient Protector
51:05 Ancient Protector
51:06 Ancient Protector
51:06 Ancient Protector
51:43 Tree of Life
51:50 Ancient Protector
51:50 Ancient Protector
51:51 Ancient Protector
51:53 Ancient Protector
51:53 Ancient Protector
51:55 Ancient Protector
57:05 Tree of Life
57:14 Ancient Protector
57:15 Ancient Protector
57:19 Tree of Life
57:23 Ancient Protector
57:23 Ancient Protector
57:23 Ancient Protector
57:24 Ancient Protector
57:29 Ancient Protector
57:30 Ancient Protector
57:30 Ancient Protector
57:31 Ancient Protector
57:33 Ancient Protector
57:36 Ancient Protector
57:37 Ancient Protector
57:39 Ancient Protector
58:31 Ancient Protector
60:17 Tree of Life
60:20 Ancient Protector
60:20 Ancient Protector
60:20 Ancient Protector
60:21 Ancient Protector
60:22 Ancient Protector
60:24 Ancient Protector
60:24 Ancient Protector
60:24 Ancient Protector
60:25 Ancient Protector
» items
| Scroll of Town Portal | 5 | |
| Potion of Healing | 3 | |
| Potion of Mana | 3 | |
| Anti-magic Potion | 14 | |
| Potion of Invisibility | 7 | |
| Boots of Speed | 1 | |
| Orb of Venom | 1 | |
| Periapt of Vitality | 1 | |
| Potion of Lesser Invulnerability | 1 | |
36 total
Chat log
(17:10 / All) BloodInOurWells: nice mh lol
(21:14 / All) BloodInOurWells: lol
(23:01 / All) BloodInOurWells: lol
(28:09 / All) BloodInOurWells: hehe
(28:22 / All) godrogo2010: gold plz
(34:01 / All) BloodInOurWells: You gotta diversify your bonds nigga
(39:31 / All) BloodInOurWells: you don't have mh?
(40:16 / All) BloodInOurWells: No gold?
(40:38 / All) BloodInOurWells: I've got plenty
(42:01 / All) BloodInOurWells: love hhopw you don't have to aim that
(44:57 / All) BloodInOurWells: lol
(45:36 / All) BloodInOurWells: your mh didn't aid you in my 3 expos
(48:05 / All) BloodInOurWells: did your mk die
(48:27 / All) BloodInOurWells: guess not
(56:45 / All) BloodInOurWells: Flee you fool!
(58:45 / All) godrogo2010: lol
(60:57 / All) BloodInOurWells: Sir, may I please ask you to leave the premises? The other guests find you rather disreputable
(61:10 / All) BloodInOurWells: I'm afraid you're not classy enough to stay in my home sir
(61:19 / All) BloodInOurWells: Farewell
(61:20 / All) godrogo2010: lol
(61:27 / All) godrogo2010: gg